 Dungeon Crawl Stone Soup version 0.18-a0-1577-gf591c28 (webtiles) character file.

135 dvd the Poker (level 5, -9/40 HPs)
             Began as a Merfolk Gladiator on Mar 20, 2016.
             Killed from afar by an orc wizard (11 damage)
             ... with a puff of flame
             ... on level 3 of the Dungeon.
             The game lasted 00:07:53 (3280 turns).

dvd the Poker (Merfolk Gladiator)                   Turns: 3280, Time: 00:07:53

Health: -9/40      AC:  6    Str: 16    XL:     5   Next: 18%
Magic:  5/5        EV: 14    Int:  8    God:
Gold:   46         SH:  0    Dex: 14    Spells: 0 memorised, 4 levels left

rFire  . . .     SeeInvis .     a - +0 trident
rCold  . . .     Gourm    .     b - +0 leather armour
rNeg   . . .     Faith    .     (no shield)
rPois  .         Spirit   .     c - +0 helmet
rElec  .         Dismiss  .     t - +0 cloak
rCorr  .         Reflect  .     i - +0 pair of gloves
SustAt .         Harm     .     (no boots)
MR     +....                    (no amulet)
Stlth  +.........               (no ring)
                                o - ring of protection from magic

@: somewhat resistant to hostile enchantments, very unstealthy
A: change form in water, swift swim
a: no special abilities


You were on level 3 of the Dungeon.
You were hungry.

You visited 1 branch of the dungeon, and saw 3 of its levels.

You collected 46 gold pieces.

Inventory:

Hand Weapons
 a - a +0 trident (weapon)
 e - a +0 hand axe of venom
 u - a +0 dagger of flaming
Missiles
 d - 2 throwing nets (quivered)
Armour
 b - a +0 leather armour (worn)
 c - a +0 helmet (worn)
 i - a +0 pair of gloves (worn)
 t - a +0 cloak (worn)
Jewellery
 o - a ring of protection from magic (left hand)
Scrolls
 j - a scroll of random uselessness {unknown}
 k - 3 scrolls of identify {unknown}
 n - a scroll of blinking {unknown}
 r - a scroll of teleportation {unknown}
Potions
 g - a potion of curing {unknown}
 m - a potion of agility {unknown}
 q - a potion of flight {unknown}
 s - a potion of lignification {unknown}
Comestibles
 f - a bread ration
 h - 3 meat rations
 l - a fruit


   Skills:
 + Level 2.9 Fighting
 + Level 5.7 Polearms
 + Level 2.1 Throwing
 + Level 1.2 Armour
 + Level 5.5 Dodging
 + Level 0.2 Stealth


You had 4 spell levels left.
You didn't know any spells.

Dungeon Overview and Level Annotations

Branches:
Dungeon (3/15)

Altars:
Nemelex Xobeh


Message History

You barely miss something. Something completely misses you.
Something hits you but does no damage.
You hit something but do no damage. Something barely misses you.
Something hits you.
You barely miss something. Something hits you but does no damage.
You miss something. Something hits you.
You hear some strange, mumbled words.
A magic dart appears from out of thin air!
The magic dart hits you!
* * * LOW HITPOINT WARNING * * *
You miss something. Something hits you.
* * * LOW HITPOINT WARNING * * *
Drink which item? (? for menu, Esc to quit)
Okay, then.
You barely miss something. Something hits you.
* * * LOW HITPOINT WARNING * * *
You hear some strange, mumbled words.
A puff of flame appears from out of thin air!
The puff of flame hits you!
You die...

#. .. ..
. #.##.
##
#....#.#
#..#.$
#.#.##
#.%..#
###..†.#
#...@..#
#..){..#
#.##...#
# #....#
#....#
#....#
#....#
#.....


There were no monsters in sight!

Vanquished Creatures
  An orc priest (D:2)
  3 adders (D:2)
  A worm (D:2)
  3 dart slugs
  A giant gecko (D:1)
  9 orcs
  9 bats
  3 giant cockroaches
  3 hobgoblins (D:2)
  8 kobolds
  A quokka (D:2)
  A ball python (D:2)
  2 giant newts
  8 goblins
  6 rats
  2 fungi (D:1)
61 creatures vanquished.

Notes
Turn   | Place    | Note
--------------------------------------------------------------
     0 | D:1      | dvd the Merfolk Gladiator began the quest for the Orb.
     0 | D:1      | Reached XP level 1. HP: 16/16 MP: 1/1
   285 | D:1      | Reached XP level 2. HP: 17/23 MP: 2/2
  1462 | D:2      | Reached XP level 3. HP: 26/28 MP: 3/3
  1508 | D:2      | Reached skill level 5 in Polearms
  2091 | D:2      | Reached XP level 4. HP: 34/34 MP: 4/4
  2110 | D:2      | Found a sparkling altar of Nemelex Xobeh.
  2640 | D:2      | Reached skill level 1 in Armour
  2640 | D:2      | Reached skill level 5 in Dodging
  2939 | D:2      | Reached XP level 5. HP: 11/40 MP: 5/5
  3280 | D:3      | HP: 2/40 [something (1)]
  3280 | D:3      | Killed from afar by an orc wizard

Vault maps used:
D:1:      onia_arrival_mini_maze_b
D:2:      grunt_ministairs_2, nemelex_spade_bored_becter
D:3:      lemuel_blue_sif_altar, grunt_ministairs_8, elyvilon_altar_3

Skill      XL: |  1  2  3  4 |
---------------+-------------+-----
Polearms       | 5 |  5.7
Armour         | 1 |  1.2
Dodging        | 5 |  5.5
Fighting       | |  2.9
Throwing       | |  2.1
Stealth        | |  0.2

Action                   |  1- 3 |  4- 6 || total
-------------------------+-------+-------++-------
Melee: Trident           |   136 |   117 ||   253
Throw: Throwing net      |     1 |       ||     1
 Stab: Sleeping          |     1 |       ||     1
  Eat: Chunk             |     4 |     3 ||     7
